 Dungeon Crawl Stone Soup version 0.20.0-10-g0535bb4 (webtiles) character file.

110114 Zwobot the Unseen (level 17, -11/102 HPs)
             Began as a Kobold Hunter on June 6, 2017.
             Was a High Priest of Dithmenos.
             Mangled by an orc warrior
             ... wielding a +0 glaive
              (27 damage)
             ... while paralysed by an orc sorcerer
             ... on level 2 of the Orcish Mines.
             The game lasted 01:30:45 (23828 turns).

Zwobot the Unseen (Kobold Hunter)                  Turns: 23828, Time: 01:30:46

Health: -11/102    AC: 12    Str: 12    XL:     17   Next: 9%
Magic:  0/38       EV:  3    Int: 14    God:    Dithmenos [*****.]
Gold:   1579       SH:  0    Dex: 18    Spells: 3/32 levels left

rFire    . . .     SeeInvis .   a - +4 dagger (elec)
rCold    + . .     Gourm    .   (shield restricted)
rNeg     . . .     Faith    .   Q - +2 troll leather armour {Snorg}
rPois    .         Spirit   +   (no helmet)
rElec    .         Reflect  .   X - scarf {cloud immunity}
rCorr    .         Harm     .   Y - +2 pair of gloves
MR       +....     Clarity  +   T - +1 pair of boots {run}
Stlth    ++++++++++             L - amulet of guardian spirit
Regen    0.7/turn               H - ring of magical power
MPRegen  0.3/turn               J - +4 ring of slaying

@: paralysed, slightly contaminated, wreathed by umbra, invisible (expiring),
quick
A: camouflage 1, carnivore 3, clarity, cold resistance 1
a: Shadow Step, Shadow Form, Renounce Religion


You were on level 2 of the Orcish Mines.
You worshipped Dithmenos.
Dithmenos was extremely pleased with you.
You were very full.

You visited 5 branches of the dungeon, and saw 27 of its levels.
You also visited: Ice Cave.

You collected 1789 gold pieces.
You spent 210 gold pieces at shops.

Inventory:

Hand Weapons
 a - a +4 dagger of electrocution (weapon)
 b - a +0 arbalest of venom
 j - a +2 rapier of draining
 G - a +1 dagger of distortion
Missiles
 c - 3 throwing nets (quivered)
 d - 105 bolts
Armour
 Q - a +2 troll leather armour (worn) {Snorg}
 T - a +1 pair of boots of running (worn)
 X - a scarf of cloud immunity (worn)
 Y - a +2 pair of gloves (worn)
Jewellery
 n - an uncursed ring of fire
 o - an uncursed ring of protection from magic
 t - an uncursed ring of poison resistance
 H - a ring of magical power (left hand)
 J - a +4 ring of slaying (right hand)
 L - an amulet of guardian spirit (around neck)
 O - an uncursed ring of wizardry
Wands
 m - a wand of iceblast (2/15)
 s - a wand of disintegration (8/24)
 A - a wand of confusion (2/48)
 D - a wand of digging (15/24)
 I - a wand of lightning (2/15)
 N - a wand of paralysis (0/24)
 Z - a wand of enslavement (6/24)
Scrolls
 e - 7 scrolls of teleportation
 g - a scroll of enchant weapon
 h - 3 scrolls of fog
 k - 15 scrolls of remove curse
 u - a scroll of summoning
 y - 2 scrolls of magic mapping
 C - 3 scrolls of blinking
 K - 5 scrolls of recharging
 S - 5 scrolls of vulnerability
 U - 4 scrolls of enchant armour
Potions
 p - 4 potions of agility
 q - a potion of mutation
 r - a potion of invisibility
 v - 2 potions of brilliance {unknown}
 w - a potion of ambrosia
 x - 4 potions of magic {unknown}
 B - 4 potions of resistance
 F - 9 potions of curing
 M - 5 potions of heal wounds
 P - 2 potions of flight {unknown}
 R - 3 potions of haste
 V - a potion of lignification {unknown}
 W - 2 potions of might
Comestibles
 f - 12 meat rations
 i - a chunk of flesh
 z - 10 royal jellies


   Skills:
 - Level 10.0 Fighting
 - Level 10.1 Short Blades
 + Level 11.3 Crossbows
 - Level 4.0 Armour
 + Level 15.2 Dodging
 + Level 15.6 Stealth
 - Level 8.0 Spellcasting
 - Level 14.3 Hexes
 - Level 1.4 Air Magic
 - Level 9.0 Evocations


You had 3 spell levels left.
You knew the following spells:

 Your Spells              Type           Power        Failure   Level  Hunger
a - Confuse               Hex            #####...     1%          3    ##.....
b - Tukima's Dance        Hex            #####...     1%          3    ##.....
c - Ensorcelled Hibernat  Hex/Ice        ####..       1%          2    None
d - Blink                 Tloc           N/A          24%         2    None
e - Cause Fear            Hex            #####.....   1%          4    ####...
f - Silence               Hex/Air        ####......   19%         5    #####..
g - Regeneration          Chrm/Necr      #.........   43%         3    ##.....
h - Invisibility          Hex            #####...     7%          6    #######
i - Apportation           Tloc           #.....       16%         1    None


Dungeon Overview and Level Annotations

Branches:
Dungeon (15/15)            Temple (1/1) D:6            Lair (6/6) D:11
  Swamp (0/4) Lair:3       Spider (0/4) Lair:2        Slime (3/5) Lair:6
    Orc (2/2) D:11         Vaults (0/5) D:14         Depths (0/5) D:15
    Elf: Orc:2

Altars:
Ashenzari
Cheibriados
Dithmenos
Elyvilon
Fedhas
Gozag
Hepliaklqana
Kikubaaqudgha
Makhleb
Nemelex Xobeh
Okawaru
Qazlal
Ru
Sif Muna
Trog
Uskayaw
Vehumet
Xom
Yredelemnul
Zin
The Shining One

Shops:
D:14 (   Orc:2 *(*

Annotations:
D:2 1 exclusion
D:4 1 exclusion, Menkaure


Innate Abilities, Weirdness & Mutations

You are small and have problems with some larger weapons.
You are carnivorous and can eat meat at any time.
Your skin changes colour to match your surroundings (Stealth+).
You possess an exceptional clarity of mind.
Your flesh is cold resistant. (rC+)


Message History

The orc sorcerer gestures at you while chanting.
You suddenly lose the ability to move!
The rust devil disappears in a puff of smoke!
The orc sorcerer points at you and mumbles some strange words.
Helpless, you fail to dodge the bolt of fire.
You hear a shout!
The orc sorcerer gestures at you while chanting.
You easily resist.
You flicker for a moment.
The orc warlord hits you from afar with a halberd of flaming!
The orc warlord burns you. The orc sorcerer barely misses you.
The orc warlord hits you from afar with a halberd of flaming!
* * * LOW HITPOINT WARNING * * *
The orc warlord burns you.
* * * LOW HITPOINT WARNING * * *
The orc sorcerer hits you but does no damage.
The orc warrior hits you with a scimitar!
* * * LOW HITPOINT WARNING * * *
The orc warrior hits you with a glaive!!
You die...

#...........# ......##
#.........P.# ........
#.PP8.∩..o..# ......##
#..........)##### .....#.
#.....^.o4......### #.....
##.P....o.........## #.....
...........o.......####....
........o##o.).....##...∩.(
......#..o@o........#.....(
...........................
...#...........#...<......)
#.###..........#......)..##
## ##......#.........)(###
####...).....P..P....()..#
.#....).)......P...P.....$#
.......))))...P..8.........#
..<.....#......P.)....P.....


You could see an orc warlord, an orc sorcerer and 3 orc warriors.

Vanquished Creatures
  3 acid blobs
  2 azure jellies
  An orc warlord (Orc:2)
  Nessos (D:14)
  Snorg (D:11)
  Josephine (D:13)
  2 vault guards (D:14)
  4 hydras
  A yaktaur captain (D:15)
  2 catoblepae (D:14)
  5 centaur warriors
  Erica (D:11)
  9 two-headed ogres
  A queen ant (D:9)
  3 tengu warriors
  6 death yaks (Lair:4)
  An unseen horror (D:14)
  2 wizards (D:14)
  A lindwurm (Lair:6)
  Pikel (D:4)
  3 deep elf magi
  A necromancer (IceCv)
  A wolf spider zombie (D:14)
  2 orc knights (Orc:2)
  11 ugly things
  7 oklob plants
  2 cyclopes
  A shining eye (Slime:3)
  8 elephants (Lair:5)
  6 centaur zombies
  4 black mambas
  Psyche (D:8)
  4 centaur skeletons
  An ice statue (IceCv)
  2 rime drakes (D:12)
  2 yaktaurs
  14 spiny frogs
  A freezing wraith (D:14)
  10 komodo dragons
  An ice devil (IceCv)
  9 trolls
  A jumping spider (Lair:2)
  7 polar bears
  A dream sheep (Lair:6)
  5 hornets
  8 blink frogs
  23 slime creatures
  9 hippogriffs
  Sigmund (D:5)
  41 yaks
  4 shadows
  8 wraiths
  4 hogs (D:9)
  13 spriggans (Lair:6)
  Eustachio (D:4)
  5 wyverns
  A steam dragon (D:12)
  Grum (D:11)
  21 humans
  4 vampire mosquitoes (D:13)
  2 basilisks
  3 hungry ghosts
  3 wargs (Orc:2)
  10 water moccasins
  21 soldier ants
  4 sky beasts
  10 porcupines
  4 ice beasts
  13 orc warriors
  2 slaves
  4 eyes of draining
  11 ogres
  6 black bears
  2 necrophages
  4 phantoms
  45 wolves
  4 boggarts (Lair:6)
  5 centaurs
  7 crocodiles
  3 big kobolds
  Blork the orc (D:5)
  A gnoll sergeant (D:9)
  19 bullfrogs
  A wyvern zombie (D:7)
  8 scorpions
  5 killer bees
  19 wights
  9 electric eels
  6 howler monkeys
  11 crimson imps
  2 bullfrog zombies
  2 quasits
  8 hounds
  2 draconian simulacra (IceCv)
  4 jellies
  4 orc priests
  15 orc wizards
  2 bullfrog skeletons
  Terence (D:3)
  5 iguanas
  Ijyb (D:4)
  31 worker ants
  A spriggan simulacrum (IceCv)
  3 troll simulacra (IceCv)
  2 centaur simulacra (IceCv)
  2 hound zombies (D:7)
  A hound skeleton (D:9)
  A worker ant zombie (D:5)
  11 gnolls
  17 adders
  2 naga simulacra (IceCv)
  4 shadow imps
  An ooze (D:2)
  An adder skeleton (D:9)
  An adder zombie (D:6)
  A worm (D:3)
  A dart slug (D:3)
  6 leopard geckos
  70 orcs
  2 ball pythons
  14 bats
  6 giant cockroaches
  3 goblins
  5 hobgoblins
  7 jackals
  18 kobolds
  7 quokkas
  A ball python skeleton (D:4)
  5 frilled lizards
  2 leopard gecko skeletons (D:5)
  A leopard gecko zombie (D:7)
  A quokka skeleton (D:6)
  2 quokka zombies
  6 rats
  2 plants (Lair:5)
824 creatures vanquished.

Vanquished Creatures (collateral kills)
  A spiny frog (Lair:6)
1 creature vanquished.

Vanquished Creatures (others)
  A dancing weapon (D:13)
  An orc warrior (D:11)
  2 howler monkeys (D:7)
  A hound (D:11)
  An orc wizard (D:7)
  A gnoll (D:9)
  An orc (Orc:2)
  A ball python (D:7)
  4 fungi
  2 plants
15 creatures vanquished.

Grand Total: 840 creatures vanquished

Notes
Turn   | Place    | Note
-------+----------+-------------------------------------------
     0 | D:1      | Zwobot the Kobold Hunter began the quest for the Orb.
     0 | D:1      | Reached XP level 1. HP: 12/12 MP: 1/1
    39 | D:1      | Reached skill level 5 in Crossbows
   208 | D:1      | Reached XP level 2. HP: 17/17 MP: 2/2
   795 | D:1      | Reached XP level 3. HP: 22/22 MP: 3/3
  1213 | D:2      | Reached skill level 1 in Short Blades
  1415 | D:2      | Reached XP level 4. HP: 25/27 MP: 4/4
  1578 | D:2      | Found a snail-covered altar of Cheibriados.
  1657 | D:2      | Found a shadowy altar of Dithmenos.
  1885 | D:2      | Became a worshipper of Dithmenos the Shadowed
  2160 | D:3      | Reached XP level 5. HP: 25/31 MP: 5/5
  2301 | D:3      | Noticed Terence
  2321 | D:3      | Killed Terence
  2333 | D:3      | Noticed an ogre
  2565 | D:3      | Killed an ogre
  2565 | D:3      | Reached XP level 6. HP: 35/37 MP: 6/6
  3298 | D:4      | Noticed Eustachio
  3300 | D:4      | Noticed Ijyb
  3303 | D:3      | Reached * piety under Dithmenos
  3357 | D:4      | Found a shattered altar of Ashenzari.
  3446 | D:4      | Killed Eustachio
  3446 | D:4      | Reached XP level 7. HP: 36/42 MP: 7/7
  3494 | D:4      | Killed Ijyb
  3578 | D:4      | Reached skill level 1 in Evocations
  3826 | D:4      | Reached XP level 8. HP: 42/48 MP: 10/10
  3906 | D:4      | Noticed Menkaure
  4283 | D:4      | Reached skill level 5 in Evocations
  4458 | D:4      | Noticed Pikel
  4467 | D:4      | Killed Pikel
  4516 | D:4      | Reached XP level 9. HP: 52/52 MP: 15/15
  4904 | D:5      | Entered Level 5 of the Dungeon
  4927 | D:5      | Reached ** piety under Dithmenos
  5186 | D:5      | Noticed Blork the orc
  5192 | D:5      | Noticed Sigmund
  5196 | D:5      | Killed Blork the orc
  5205 | D:5      | Killed Sigmund
  5205 | D:5      | Reached skill level 5 in Short Blades
  5582 | D:5      | Reached skill level 5 in Dodging
  5848 | D:6      | Found a white marble altar of Elyvilon.
  5862 | D:6      | Gained mutation: You expend magic power (3 MP) to strengthen your wands. [mutagenic meat]
  5864 | D:6      | Gained mutation: Your muscles are strong. (Str +2) [mutagenic meat]
  5865 | D:6      | Gained mutation: You possess an exceptional clarity of mind. [mutagenic meat]
  6031 | D:6      | Reached skill level 5 in Fighting
  6045 | D:6      | Found a staircase to the Ecumenical Temple.
  6054 | Temple   | Entered the Ecumenical Temple
  6211 | D:6      | Found a burning altar of Makhleb.
  6529 | D:6      | Found a glowing golden altar of the Shining One.
  6765 | D:7      | Reached skill level 5 in Stealth
  6765 | D:7      | Reached XP level 10. HP: 59/59 MP: 16/16
  6774 | D:7      | Found a basalt altar of Yredelemnul.
  6817 | D:7      | Reached *** piety under Dithmenos
  6881 | D:7      | Found a deep blue altar of Sif Muna.
  7549 | D:7      | Found a sparkling altar of Nemelex Xobeh.
  7754 | D:7      | Found a blossoming altar of Fedhas.
  7778 | D:7      | Found a sacrificial altar of Ru.
  8039 | D:8      | Noticed Psyche
  8042 | D:8      | Killed Psyche
  8338 | D:8      | Reached **** piety under Dithmenos
  8524 | D:8      | Reached XP level 11. HP: 54/66 MP: 11/17
  8995 | D:9      | Learned a level 3 spell: Confuse
  9048 | D:9      | Noticed a two-headed ogre
  9064 | D:9      | Killed a two-headed ogre
  9064 | D:9      | Reached skill level 10 in Dodging
  9243 | D:9      | Reached ***** piety under Dithmenos
  9414 | D:9      | Noticed a queen ant
  9453 | D:9      | Killed a queen ant
  9558 | D:9      | Noticed a two-headed ogre
  9572 | D:9      | Reached skill level 1 in Hexes
  9573 | D:9      | Killed a two-headed ogre
  9573 | D:9      | Reached skill level 1 in Spellcasting
  9765 | D:9      | Reached XP level 12. HP: 68/73 MP: 5/18
  9994 | D:9      | Reached skill level 5 in Hexes
 10462 | D:10     | Entered Level 10 of the Dungeon
 11362 | D:10     | Learned a level 3 spell: Tukima's Dance
 11365 | D:10     | Learned a level 2 spell: Ensorcelled Hibernation
 11369 | D:10     | Learned a level 3 spell: Dazzling Spray
 11612 | D:11     | Noticed a two-headed ogre
 11614 | D:11     | Killed a two-headed ogre
 11701 | D:11     | Noticed Grum
 11726 | D:11     | Killed Grum
 11754 | D:11     | Found a staircase to the Lair.
 12302 | D:11     | Reached skill level 10 in Stealth
 12333 | D:11     | Noticed Erica
 12370 | D:11     | Reached ****** piety under Dithmenos
 12388 | D:11     | Killed Erica
 12432 | D:11     | Noticed a two-headed ogre
 12438 | D:11     | Killed a two-headed ogre
 12499 | D:11     | Found a staircase to the Orcish Mines.
 12505 | D:11     | Noticed a two-headed ogre
 12593 | D:11     | Killed a two-headed ogre
 12593 | D:11     | Reached XP level 13. HP: 68/79 MP: 3/19
 12696 | D:11     | Noticed Snorg
 12698 | D:11     | Killed Snorg
 13097 | D:12     | Reached skill level 10 in Short Blades
 13130 | D:12     | Found a frozen archway.
 13137 | IceCv    | Entered an ice cave
 13327 | IceCv    | Lost mutation: Your muscles are strong. (Str +2) [potion of mutation]
 13327 | IceCv    | Lost mutation: You possess an exceptional clarity of mind. [potion of mutation]
 13327 | IceCv    | Lost mutation: You expend magic power (3 MP) to strengthen your wands. [potion of mutation]
 13327 | IceCv    | Gained mutation: Armour fits poorly on your strangely shaped body. [potion of mutation]
 13327 | IceCv    | Gained mutation: Your system is resistant to poisons. (rPois) [potion of mutation]
 13327 | IceCv    | Gained mutation: You are covered in fur. (AC +1) [potion of mutation]
 13328 | IceCv    | Lost mutation: Armour fits poorly on your strangely shaped body. [potion of mutation]
 13328 | IceCv    | Lost mutation: Your system is resistant to poisons. (rPois) [potion of mutation]
 13328 | IceCv    | Lost mutation: You are covered in fur. (AC +1) [potion of mutation]
 13328 | IceCv    | Gained mutation: Your flesh is cold resistant. (rC+) [potion of mutation]
 13328 | IceCv    | Gained mutation: You possess an exceptional clarity of mind. [potion of mutation]
 13328 | IceCv    | Gained mutation: Your skin changes colour to match your surroundings (Stealth+). [potion of mutation]
 13346 | IceCv    | Reached skill level 1 in Armour
 13361 | IceCv    | Got an ancient robe
 13372 | IceCv    | Identified the +0 robe of Heoxirgh {MR+ Str+4} (You found it in an ice cave)
 13397 | IceCv    | Identified a +1 pair of boots of running (You found it in an ice cave)
 13620 | D:12     | Reached skill level 5 in Spellcasting
 14172 | D:13     | Noticed Josephine
 14175 | D:13     | Killed Josephine
 14444 | D:13     | Noticed a centaur warrior
 14448 | D:13     | Killed a centaur warrior
 14561 | D:13     | Noticed a centaur warrior
 14566 | D:13     | Killed a centaur warrior
 14566 | D:13     | Reached XP level 14. HP: 84/84 MP: 22/22
 15129 | D:14     | Found Ihoeqi's Weapon Shop.
 15393 | D:14     | Noticed Nessos
 15404 | D:14     | Killed Nessos
 15994 | D:14     | Reached skill level 10 in Hexes
 16071 | D:14     | Found a gate to the Vaults.
 16541 | D:14     | Reached skill level 10 in Crossbows
 16737 | D:15     | Entered Level 15 of the Dungeon
 16819 | D:15     | Reached XP level 15. HP: 81/90 MP: 22/25
 17160 | D:15     | Found a staircase to the Depths.
 17312 | Lair:1   | Entered Level 1 of the Lair of Beasts
 17340 | Lair:1   | Learned a level 4 spell: Cause Fear
 17346 | Lair:1   | Learned a level 5 spell: Silence
 17350 | Lair:1   | Learned a level 3 spell: Regeneration
 18546 | Lair:2   | Identified the +0 leather armour "Kizau" {Str+2} (You found it on level 2 of the Lair of Beasts)
 18796 | Lair:2   | Found a hole to the Spider Nest.
 19350 | Lair:3   | Reached skill level 1 in Air Magic
 19511 | Lair:3   | Found a staircase to the Swamp.
 19522 | Lair:3   | Reached skill level 10 in Fighting
 20162 | Lair:4   | Learned a level 6 spell: Invisibility
 20910 | Lair:4   | Reached XP level 16. HP: 97/97 MP: 28/28
 21209 | Lair:5   | Learned a level 1 spell: Apportation
 21926 | Lair:6   | Entered Level 6 of the Lair of Beasts
 21969 | Lair:6   | Learned a level 2 spell: Blink
 22100 | Lair:6   | Paralysed by a hornet for 2 turns
 22307 | Lair:6   | Was placed under penance by Dithmenos
 22430 | Lair:6   | Was forgiven by Dithmenos
 22805 | Lair:6   | Found a staircase to the Slime Pits.
 22832 | Slime:1  | Entered Level 1 of the Pits of Slime
 22832 | Slime:1  | Noticed an azure jelly
 22839 | Slime:1  | Killed an azure jelly
 22995 | Slime:1  | Noticed an acid blob
 22999 | Slime:2  | Noticed an acid blob
 22999 | Slime:2  | Noticed an azure jelly
 23000 | Slime:2  | Killed an azure jelly
 23006 | Slime:2  | Killed an acid blob
 23028 | Slime:3  | Noticed an acid blob
 23028 | Slime:3  | Noticed an acid blob
 23035 | Slime:3  | Killed an acid blob
 23036 | Slime:3  | Killed an acid blob
 23036 | Slime:3  | Reached skill level 15 in Stealth
 23053 | Slime:3  | Noticed an acid blob
 23330 | Lair:6   | Reached skill level 15 in Dodging
 23521 | Orc:1    | Entered Level 1 of the Orcish Mines
 23667 | Orc:2    | Entered Level 2 of the Orcish Mines
 23667 | Orc:2    | Found Biedoy's General Store.
 23667 | Orc:2    | Found Oraus's Antique Weapon Shop.
 23693 | Orc:2    | Reached XP level 17. HP: 100/102 MP: 25/29
 23720 | Orc:2    | Bought a scorched dagger for 210 gold pieces
 23720 | Orc:2    | Identified the +4 dagger of the Sage {drain, rN+} (You bought it in a shop on level 2 of the Orcish Mines)
 23780 | Orc:2    | Found Mutuph's General Store.
 23823 | Orc:2    | Paralysed by an orc sorcerer for 6 turns
 23828 | Orc:2    | Mangled by an orc warrior

Skill      XL: |  1  2  3  4  5  6  7  8  9 10 11 12 13 14 15 16 |
---------------+-------------------------------------------------+-----
Crossbows      | 5 6 7 9 10 11 | 11.3
Short Blades   | 1 2 3 4 6 7 9 10 | 10.1
Fighting       | 3 5 6 8 9 10 | 10.0
Stealth        | 2 3 5 7 9 10 12 13 14 15 | 15.6
Dodging        | 3 7 9 11 12 13 14 15 | 15.2
Evocations     | 3 8 9 |  9.0
Hexes          | 3 7 8 10 12 14 | 14.3
Spellcasting   | 2 4 5 7 8 |  8.0
Armour         | 3 4 |  4.0
Air Magic      | 1 |  1.4

Action                   |  1- 3 |  4- 6 |  7- 9 | 10-12 | 13-15 | 16-18 || total
-------------------------+-------+-------+-------+-------+-------+-------++-------
Melee: Short sword       |    98 |   127 |       |       |       |       ||   225
       Rapier            |       |       |   194 |       |       |       ||   194
       Whip              |       |       |    33 |       |       |       ||    33
       Dagger            |       |       |   158 |   597 |   969 |   442 ||  2166
 Fire: Hand crossbow     |    18 |    61 |    32 |   133 |    36 |       ||   280
       Arbalest          |       |       |       |       |    70 |     3 ||    73
 Cast: Confuse           |       |       |       |    53 |   104 |    43 ||   200
       Tukima's Dance    |       |       |       |       |     4 |     1 ||     5
       Invisibility      |       |       |       |       |     1 |     8 ||     9
       Ensorcelled Hiber |       |       |       |       |       |    18 ||    18
       Blink             |       |       |       |       |       |     1 ||     1
Invok: Shadow Step       |       |       |       |     4 |    16 |     2 ||    22
Evoke: Wand              |       |       |     4 |    30 |    10 |     4 ||    48
  Use: Scroll            |       |     9 |     3 |     7 |    10 |     4 ||    33
       Potion            |       |     2 |     2 |     1 |     2 |       ||     7
 Stab: Invisible         |       |     2 |       |       |     9 |    35 ||    46
       Sleeping          |       |     1 |     8 |    26 |    93 |    46 ||   174
       Distracted        |       |     1 |     3 |     5 |     6 |     1 ||    16
       Confused          |       |       |       |    25 |    46 |    15 ||    86
       Paralysed         |       |       |       |     5 |     4 |     1 ||    10
  Eat: Chunk             |     9 |     7 |    12 |    25 |    31 |    16 ||   100
Armor: Scale mail        |    71 |    21 |       |       |       |       ||    92
       Leather armour    |       |    39 |    89 |     8 |       |       ||   136
       Robe              |       |       |       |    45 |       |       ||    45
       Troll leather arm |       |       |       |       |    78 |    34 ||   112
Dodge: Dodged            |    99 |   138 |   281 |   484 |   584 |   287 ||  1873
